 Dungeon Crawl Stone Soup version 0.31-a0-816-gd61d57ddb1 (webtiles) character file.

Game seed: 14152305490333514252

9 Essalna the Digger (level 2, 19/19 HPs)
             Began as a Demonspawn Earth Elementalist on Sept 22, 2023.
             Got out of the dungeon alive.
             The game lasted 00:00:32 (453 turns).

Essalna the Digger (Demonspawn Earth Elementalist)   Turns: 453, Time: 00:00:32

Health: 19/19      AC:  2    Str:  8    XL:     2   Next: 3%
Magic:  5/5        EV: 12    Int: 16    God:
Gold:   26         SH:  0    Dex: 13    Spells: 4/5 levels left

rFire   . . .        c - +0 dagger
rCold   . . .        (no shield)
rNeg    . . .        a - +0 robe
rPois   .            (helmet restricted)
rElec   .            (no cloak)
rCorr   .            (no gloves)
SInv    .            (no boots)
Will    .....        (no amulet)
Stlth   ++           (no ring)
HPRegen 0.23/turn    (no ring)
MPRegen 0.09/turn

%: no passive effects
@: no status effects
A: horns 1
a: no special abilities


You escaped.
You visited 1 branch of the dungeon, and saw 1 of its levels.

You collected 26 gold pieces.

Inventory:

Hand Weapons
 c - a +0 dagger (weapon)
Armour
 a - a +0 robe (worn)
Scrolls
 d - a scroll of noise {unknown}
Potions
 b - a potion of magic


   Skills:
 - Level 1.7 Dodging
 - Level 1.7 Stealth
 + Level 2.3 Spellcasting
 - Level 0.8 Transmutations
 + Level 3.0 Earth Magic


You had 4 spell levels left.
You knew the following spells:

 Your Spells              Type           Power      Damage    Failure   Level
a - Sandblast             Erth           22%        2d7       6%          1

Your spell library contained the following spells:

 Spells                   Type           Power      Damage    Failure   Level
 Passwall                 Tmut/Erth      6%         N/A       14%         2
 Stone Arrow              Conj/Erth      12%        3d7       32%         3
 Petrify                  Tmut/Erth      8%         N/A       65%         4
 Brom's Barrelling Bould  Conj/Erth      6%         2d3       71%         4


Dungeon Overview and Level Annotations

Branches:
Dungeon (1/15)

Altars:


Innate Abilities, Weirdness & Mutations

You have a pair of small horns on your head.


Message History

Key pressed, stopping explore.
d - a scroll labelled PEAPOGG ANALLAY Key pressed, stopping explore.
Found a robe.
Key pressed, stopping explore.
You can't see any susceptible monsters within range! (Use Z to cast anyway.) No target in view!
You can't see any susceptible monsters within range! (Use Z to cast anyway.) Key pressed, stopping explore.
Key pressed, stopping explore.
You now have 26 gold pieces (gained 8).
Key pressed, stopping explore.
A goblin comes into view. It is wielding a +0 dagger.
A goblin is nearby!
A goblin is nearby!
A goblin is nearby!
The blast of sand hits the goblin!
You kill the goblin!
Your Earth Magic skill increases to level 3!
No target in view!
You can't see any susceptible monsters within range! (Use Z to cast anyway.) No target in view!
You can't see any susceptible monsters within range! (Use Z to cast anyway.)
Things that are here:
a +0 dagger; a goblin corpse A ball python comes into view.
A ball python is nearby!
You miscast Sandblast.
You are very lightly contaminated with residual magic.
Nothing appears to happen.
The blast of sand hits the ball python.
You kill the ball python!
You have reached level 2!
Your demonic ancestry asserts itself...
A pair of horns grows on your head!
Your magical contamination has completely faded away.
You see here a ball python corpse.
Key pressed, stopping explore.
There is a staircase leading out of the dungeon here.
You have escaped!

##.#.##### ####.#..# ...######
######...###.##### ........###
##.......## ##..... #
###...###...###.#.###.##### #
#.............#.##.#..# #
##.............#..##.#.##### #
#...###...###...#.####..†..#
######...#......@#...#[# #####.#
.........#.......#...#.# ####.#
.######.............##.# #....)
.# #......#......##.# #.##.#
.######.............##.#####.##.#
.........#.......#...........##.#
.#####...#>......#...#.####.....#
.##....[.###...###...#.####.#####
.##.###.............##....#.#


There were no monsters in sight!

Vanquished Creatures
  A bat (D:1)
  A goblin (D:1)
  A kobold (D:1)
  3 ball pythons (D:1)
  2 frilled lizards (D:1)
8 creatures vanquished.

Notes
Turn   | Place    | Note
-------+----------+-------------------------------------------
     0 | D:1      | Essalna the Demonspawn Earth Elementalist began the quest
                  | for the Orb.
     0 | D:1      | Reached XP level 1. HP: 13/13 MP: 3/3
   349 | D:1      | Reached skill level 3 in Earth Magic
   370 | D:1      | Gained mutation: You have a pair of small horns on your
                  | head. [demonic ancestry]
   370 | D:1      | Reached XP level 2. HP: 19/19 MP: 1/5
   453 | D:$      | Got out of the dungeon alive.

Illustrated notes

Levels and vault maps discovered:
D:1:      minmay_arrival_open_corners, layout_loops_ring,
          kennysheep_decorative_pillar, serial_bayou_pond_e

Skill      XL: |  1 |
---------------+----+-----
Earth Magic    | 3 |  3.0
Dodging        | |  1.7
Stealth        | |  1.7
Spellcasting   | |  2.3
Transmutations | |  0.8

Action                     || total
---------------------------++-------
  Melee: Dagger            ||     1
   Cast: Sandblast         ||     8
 Armour: Robe              ||     2

Table legend: (Time is in decaauts)
 A = Elapsed time spent in this place.
 B = Non-inter-level travel time spent in this place.
 C = Inter-level travel time spent in this place.
 D = Time resting spent in this place.
 E = Time spent auto-exploring this place.
 F = Levels seen in this place.
 G = Mean time per level.
                   A        B        C        D        E       F      G
               +--------+--------+--------+--------+--------+-----+--------+
         Total |    456 |    449 |      7 |      0 |    398 |   1 |  456.0 |
       Dungeon |    456 |    449 |      7 |      0 |    398 |   1 |  456.0 |
               +--------+--------+--------+--------+--------+-----+--------+

Top non-repeatable levels by time:
     D:1: 456 daAuts
